 Dungeon Crawl Stone Soup version 0.23.2-1-ga50397a (webtiles) character file.

Game seed: 12941800555305228712

8 MalarOregon the Skirmisher (level 2, -9/26 HPs)
             Began as a Ghoul Fighter on June 3, 2019.
             Mangled by a gnoll
             ... wielding a +0 halberd
              (15 damage)
             ... on level 1 of the Dungeon.
             The game lasted 00:00:47 (249 turns).

MalarOregon the Skirmisher (Ghoul Fighter)           Turns: 249, Time: 00:00:48

Health: -9/26      AC:  6    Str: 19    XL:     2   Next: 8%
Magic:  1/1        EV:  7    Int:  3    God:
Gold:   9          SH:  8    Dex:  8    Spells: 1/1 levels left

rFire    . . .     SeeInvis .     - Unarmed
rCold    + . .     Gourm    .   b - +0 shield
rNeg     + + +     Faith    .   a - +0 scale mail
rPois    ∞         Spirit   .   (no helmet)
rElec    .         Reflect  .   (no cloak)
rCorr    .         Harm     .   (no gloves)
MR       .....                  (no boots)
Stlth    ..........             (no amulet)
HPRegen  0.00/turn              (no ring)
MPRegen  0.07/turn              (no ring)

@: rotting
A: rotting body, claws 1, carnivore, cold resistance 1, negative energy
resistance 3, inhibited regeneration, torment resistance, unbreathing
a: no special abilities


You were on level 1 of the Dungeon.
You were not hungry.

You visited 1 branch of the dungeon, and saw 1 of its levels.

You collected 9 gold pieces.

Inventory:

Armour
 a - a +0 scale mail (worn)
 b - a +0 shield (worn)
Potions
 c - a potion of might
Comestibles
 e - a ration {!d}


   Skills:
 + Level 3.4 Fighting
 + Level 2.8 Armour
 + Level 2.8 Shields
 + Level 2.4 Unarmed Combat


You had one spell level left.
You didn't know any spells.
Your spell library was empty.

Dungeon Overview and Level Annotations

Branches:
Dungeon (1/15)

Altars:


Innate Abilities, Weirdness & Mutations

Your body is rotting away.
You thrive on raw meat.
You are immune to poison.
You have sharp fingernails.
You are carnivorous and can eat meat at any time.
Your flesh is cold resistant. (rC+)
You are immune to negative energy. (rN+++)
You do not regenerate when monsters are visible.
You are immune to unholy pain and torment.
You can survive without breathing.


Message History

A rat is nearby!
The rat bites you but does no damage.
You scratch the rat but do no damage. You block the rat's attack.
You scratch the rat but do no damage. You block the rat's attack.
Your scale mail prevents you from hitting the rat.
You block the rat's attack.
You closely miss the rat. The rat completely misses you.
You closely miss the rat. The rat barely misses you.
You scratch the rat but do no damage. You block the rat's attack.
You scratch the rat.
You kill the rat!
No target in view!
No target in view!
A gnoll comes into view. It is wielding a +0 halberd.
The gnoll shouts!
Found 14 gold pieces and 26 stones.
The gnoll hits you from afar with a +0 halberd.
Found a stone staircase leading down.
The gnoll barely misses you.
You scratch the gnoll but do no damage. You block the gnoll's attack.
You barely miss the gnoll. You barely miss the gnoll.
You block the gnoll's attack.
You scratch the gnoll. The gnoll hits you with a +0 halberd!
Ouch! That really hurt!
* * * LOW HITPOINT WARNING * * *
Eat one of 2 chunks of flesh? (ye/n/q)
You eat one of the 2 chunks of flesh.
This raw flesh tastes great!
The gnoll hits you with a +0 halberd!
* * * LOW HITPOINT WARNING * * *
Eat a chunk of flesh? (ye/n/q)
You eat the chunk of flesh.
This raw flesh tastes great!
The gnoll hits you with a +0 halberd!
* * * LOW HITPOINT WARNING * * *
The gnoll barely misses you.
Found a ration.
You see here 24 bolts.
A rat comes into view.
Found 17 stones and 5 gold pieces.
You block the rat's attack.
You scratch the rat.
You kill the rat!
Found 10 gold pieces.
The gnoll hits you with a +0 halberd.
* * * LOW HITPOINT WARNING * * *
Your shield prevents you from hitting the gnoll.
You block the gnoll's attack.
You scratch the gnoll. You scratch the gnoll.
The gnoll hits you with a +0 halberd!
Ouch! That really hurt!
You die...

.......# .......###
.........
.......###
.........
..g..#######
.....#.....#
.....#.($..########
##.............g@.#
#.###.....######.#
...# #.....# #.#
##.# #.....# #.#
.#.# #....... ..#
.#.# #........ .$.
.. #......... ...
#.............


You could see a gnoll.

Vanquished Creatures
  An ooze (D:1)
  A frilled lizard (D:1)
  A goblin (D:1)
  3 rats (D:1)
6 creatures vanquished.

Notes
Turn   | Place    | Note
-------+----------+-------------------------------------------
     0 | D:1      | MalarOregon the Ghoul Fighter began the quest for the Orb.
     0 | D:1      | Reached XP level 1. HP: 19/19 MP: 0/0
    36 | D:1      | Reached XP level 2. HP: 22/26 MP: 1/1
   249 | D:1      | Mangled by a gnoll

Action                   || total
-------------------------++-------
Melee: Unarmed           ||    26
  Eat: Chunk             ||     2
Armor: Scale mail        ||     5
Dodge: Dodged            ||     4
Block: Shield            ||    13
